Map: Bridgehead LE (Void)

Players

Dreamforkill - Winner!

  • Race: Protoss Protoss
  • League: Grandmaster

HzVee

  • Race: Protoss Protoss
  • League: Bronze

VOD

https://www.youtube.com/watch?v=vl6arw4G0jc

Description

Time

  • Played on: Oct. 27, 2015, 6:11 p.m.
  • Length: 19:41
Show
View Real Time Build Order
Export as new Build Order

Dreamforkill Protoss - Winner!

Build Orders:  

Get SALT Encoding   

  12  0:01  Probe (Chrono Boost)  
  13  0:12  Probe (Chrono Boost)  
  14  0:23  Probe (Chrono Boost), Pylon  
  15  0:42  Probe (Chrono Boost)  
  16  1:08  Probe (Chrono Boost), Pylon  
  17  1:13  Gateway  
  17  1:14  Forge  
  17  1:17  Assimilator  
  18  1:18  Probe (Chrono Boost)  
  18  1:23  Assimilator  
  18  1:29  Probe (Chrono Boost)  
  19  1:39  Probe (Chrono Boost)  
  20  1:50  Probe (Chrono Boost), Photon Cannon  
  21  1:54  Pylon  
  21  2:00  Probe (Chrono Boost)  
  22  2:06  Cybernetics Core  
  22  2:11  Probe (Chrono Boost)  
  23  2:18  Zealot  
  23  2:21  Probe (Chrono Boost)  
  26  2:26  Photon Cannon  
  26  2:32  Probe (Chrono Boost)  
  27  2:43  Probe (Chrono Boost)  
  28  3:01  Pylon  
  28  3:11  Stargate  
  28  3:13  Stargate  
  28  3:15  Warp Gate  
  28  3:18  Pylon  
  28  3:22  Pylon  
  28  3:25  Photon Cannon  
  28  3:48  Photon Cannon  
  28  4:13  Void Ray x2  
  36  4:32  Nexus  
  36  4:33  Probe (Chrono Boost)  
  36  4:34  Assimilator  
  35  4:52  Mothership Core (Chrono Boost)  
  37  5:03  Void Ray  
  41  5:07  Pylon  
  37  5:54  Void Ray x2  
  41  6:14  Probe (Chrono Boost)  
  41  6:18  Probe (Chrono Boost)  
  43  6:24  Probe (Chrono Boost)  
  44  6:28  Probe (Chrono Boost)  
  45  6:35  Probe (Chrono Boost)  
  45  6:37  Void Ray  
  45  6:39  Probe (Chrono Boost)  
  51  6:45  Probe (Chrono Boost)  
  52  6:53  Nexus  
  52  6:55  Pylon  
  52  6:56  Probe (Chrono Boost)  
  52  6:57  Pylon  
  52  6:58  Pylon  
  53  7:02  Assimilator  
  53  7:05  Probe (Chrono Boost)  
  53  7:06  Probe (Chrono Boost)  
  55  7:16  Probe (Chrono Boost)  
  55  7:17  Probe (Chrono Boost), Void Ray  
  61  7:26  Probe (Chrono Boost)  
  61  7:28  Probe (Chrono Boost)  
  63  7:31  Photon Cannon  
  63  7:33  Photon Cannon  
  63  7:38  Probe (Chrono Boost)  
  64  7:49  Probe (Chrono Boost)  
  65  7:59  Probe (Chrono Boost)  
  65  8:03  Photon Cannon  
  65  8:04  Photon Cannon  
  66  8:06  Photon Cannon  
  66  8:07  Probe (Chrono Boost)  
  67  8:13  Probe (Chrono Boost)  
  67  8:16  Probe (Chrono Boost)  
  67  8:18  Probe (Chrono Boost)  
  70  8:23  Probe (Chrono Boost)  
  70  8:27  Probe (Chrono Boost), Assimilator  
  72  8:28  Probe (Chrono Boost)  
  72  8:30  Void Ray  
  72  8:32  Assimilator  
  78  8:34  Probe (Chrono Boost)  
  78  8:37  Probe (Chrono Boost)  
  78  8:39  Probe (Chrono Boost)  
  80  8:43  Fleet Beacon  
  80  8:45  Probe (Chrono Boost)  
  80  8:48  Probe (Chrono Boost)  
  82  8:49  Probe (Chrono Boost)  
  83  9:00  Probe (Chrono Boost)  
  84  9:10  Probe (Chrono Boost)  
  84  9:12  Nexus  
  85  9:17  Pylon  
  85  9:18  Pylon  
  85  9:19  Void Ray x2  
  85  9:21  Probe (Chrono Boost)  
  85  9:23  Protoss Air Weapons Level 1  
  100  9:32  Probe (Chrono Boost)  
  101  9:39  Photon Cannon  
  101  9:47  Assimilator  
  101  9:48  Sentry  
  101  9:50  Assimilator  
  93  10:13  Void Ray x2  
  101  10:41  Pylon  
  101  10:56  Void Ray x2  
  93  11:48  Pylon  
  93  11:51  Pylon  
  93  11:53  Pylon  
  93  12:06  Void Ray x2  
  93  12:49  Void Ray x2  
  83  13:32  Nexus  
  33  14:58  Pylon  
  33  15:01  Pylon  
  33  15:03  Pylon  
  33  15:06  Pylon  
  33  15:21  Gateway  
  33  15:23  Gateway  
  33  15:25  Forge  
  33  17:00  Probe (Chrono Boost)  
  34  17:10  Probe (Chrono Boost)  
  35  17:21  Probe (Chrono Boost)  
  36  17:31  Probe (Chrono Boost)  
  33  17:42  Probe (Chrono Boost)  
  30  17:57  Nexus  
  25  19:01  Nexus  
  25  19:04  Nexus  
  25  19:18  Pylon  
  25  19:21  Pylon  
Show
View Real Time Build Order
Export as new Build Order

HzVee Protoss 

Build Orders: Blink Stalkers 

Get SALT Encoding   

  12  0:01  Probe (Chrono Boost)  
  13  0:11  Probe (Chrono Boost)  
  14  0:21  Pylon  
  14  0:22  Probe (Chrono Boost)  
  15  0:39  Probe (Chrono Boost)  
  15  0:40  Gateway  
  17  0:50  Probe (Chrono Boost)  
  17  0:53  Assimilator  
  16  1:00  Probe (Chrono Boost)  
  17  1:06  Gateway  
  17  1:11  Probe (Chrono Boost)  
  18  1:21  Probe (Chrono Boost)  
  19  1:28  Zealot  
  21  1:34  Cybernetics Core  
  21  1:42  Probe (Chrono Boost)  
  21  1:45  Pylon  
  22  1:51  Assimilator  
  22  1:52  Probe (Chrono Boost)  
  23  2:03  Probe (Chrono Boost)  
  24  2:11  Warp Gate (Chrono Boost)  
  24  2:14  Probe  
  25  2:17  Pylon  
  25  2:27  Stalker x2  
  29  2:40  Twilight Council  
  29  3:04  Robotics Facility  
  29  3:07  Probe  
  30  3:19  Mothership Core  
  32  3:22  Nexus  
  32  3:28  Pylon  
  32  3:40  Blink (Chrono Boost)  
  32  3:53  Forge  
  32  3:55  Gateway  
  30  4:16  Stalker x2, Pylon  
  34  4:23  Pylon  
  33  4:32  Probe  
  34  4:43  Probe  
  35  4:53  Immortal (Chrono Boost)  
  35  4:54  Probe  
  40  5:06  Probe  
  41  5:19  Probe  
  42  5:27  Stalker x2  
  46  5:31  Probe, Immortal (Chrono Boost)  
  51  5:37  Protoss Ground Weapons Level 1  
  49  5:43  Probe  
  49  5:48  Stalker  
  48  5:55  Probe  
  49  6:00  Stalker x2  
  53  6:07  Probe  
  53  6:09  Immortal (Chrono Boost)  
  58  6:19  Probe, Photon Cannon  
  59  6:31  Probe  
  60  6:43  Stalker x3  
  66  6:54  Nexus  
  66  7:01  Probe  
  66  7:03  Assimilator  
  67  7:11  Pylon  
  67  7:13  Probe  
  68  7:22  Immortal (Chrono Boost)  
  68  7:26  Probe  
  73  7:36  Stalker x2  
  77  7:37  Stalker  
  77  7:38  Probe  
  80  7:50  Probe  
  81  7:56  Observer  
  81  8:01  Assimilator  
  82  8:08  Pylon  
  82  8:09  Protoss Ground Weapons Level 2 (Chrono Boost)  
  82  8:14  Probe  
  82  8:15  Photon Cannon  
  83  8:24  Stalker x3  
  83  8:25  Probe  
  90  8:33  Assimilator  
  90  8:35  Probe  
  91  8:46  Probe  
  92  8:49  Pylon  
  92  8:50  Gateway  
  92  8:56  Gateway  
  92  8:57  Probe  
  92  8:58  Pylon  
  93  9:05  Stalker  
  93  9:06  Stalker  
  93  9:07  Probe  
  93  9:08  Stalker  
  100  9:13  Immortal  
  100  9:18  Probe  
  105  9:28  Probe  
  106  9:39  Probe  
  106  9:40  Pylon  
  106  9:42  Pylon  
  107  9:49  Probe  
  108  10:00  Probe  
  97  10:13  Stalker x2  
  92  10:14  Stalker x3  
  92  10:20  Probe  
  98  10:26  Assimilator  
  99  10:31  Probe, Immortal  
  99  10:33  Gateway  
  99  10:35  Gateway  
  100  10:36  Gateway  
  100  10:41  Probe  
  105  10:51  Stalker  
  105  10:52  Stalker x3  
  105  10:53  Stalker  
  113  10:59  Pylon  
  97  11:05  Immortal  
  77  11:27  Stalker  
  77  11:28  Stalker x4  
  71  11:47  Stargate  
  71  11:48  Stargate  
  71  11:50  Stargate  
  71  11:51  Stalker x2  
  71  11:52  Stalker x3  
  71  11:53  Stalker x2  
  85  11:55  Stalker  
  91  12:20  Cybernetics Core  
  84  12:31  Cybernetics Core  
  84  12:32  Zealot x6  
  84  12:33  Zealot x2  
  99  13:15  Pylon  
  99  13:17  Pylon  
  92  13:25  Pylon  
  92  13:27  Nexus  
  91  13:44  Photon Cannon  
  91  13:45  Photon Cannon  
  91  13:47  Zealot x4  
  90  14:05  Pylon  
  90  14:06  Gateway  
  90  14:07  Gateway  
  86  14:15  Stalker  
  86  14:16  Stalker  
  89  14:17  Stalker  
  89  14:19  Stalker  
  88  14:51  Nexus  
  66  15:10  Pylon  
  66  15:11  Stalker  
  66  15:12  Stalker  
  70  15:19  Pylon  
  70  15:27  Phoenix (Chrono Boost)  
  70  15:52  Phoenix (Chrono Boost)  
  69  16:13  Phoenix (Chrono Boost)  
  69  16:18  Pylon  
  64  17:08  Nexus  
Tags
 
Add a new tag
Caveats
  • Supply blocks, unpowered buildings, or Contaminate may cause inaccurate times.
  • Supply counts are checked every 10 seconds.